 Dungeon Crawl Stone Soup version 0.29.0-11-gd7f09526c8 (webtiles) character file.

Game seed: 1656039116683919610

648 ILmort the Shooter (level 7, 0/44 HPs)
             Began as a Gargoyle Hunter on Sept 6, 2022.
             Slain by a river rat (6 damage)
             ... summoned by Eustachio
             ... on level 4 of the Dungeon.
             The game lasted 00:11:34 (3363 turns).

ILmort the Shooter (Gargoyle Hunter)                Turns: 3363, Time: 00:11:35

Health: 0/44       AC: 16    Str: 14    XL:     7   Next: 53%
Magic:  7/7        EV: 10    Int: 10    God:
Gold:   210        SH:  0    Dex: 15    Spells: 6/6 levels left

rFire   . . .      SeeInvis .   b - +1 whip (freeze)
rCold   . . .      Faith    .   (no shield)
rNeg    + . .      Spirit   .   z - quicksilver dragon scales
rPois   ∞          Reflect  .   x - +0 helmet
rElec   +          Harm     .   (no cloak)
rCorr   .          Rampage  .   w - +0 pair of gloves
Will    +....                   m - +0 pair of boots
Stlth   +.........              A - amulet of regeneration
HPRegen 0.94/turn               (no ring)
MPRegen 0.10/turn               (no ring)

@: mighty
A: sickness immunity, AC +4, negative energy resistance 1, electricity
resistance, torment resistance 1, petrification resistance
a: no special abilities


You were on level 4 of the Dungeon.
You visited 1 branch of the dungeon, and saw 5 of its levels.

You collected 210 gold pieces.

Inventory:

Hand Weapons
 a - a +0 shortbow
 b - a +1 whip of freezing (weapon)
Missiles
 y - 12 poisoned darts
Armour
 c - a +0 leather armour
 m - a +0 pair of boots (worn)
 w - a +0 pair of gloves (worn)
 x - a +0 helmet (worn)
 z - quicksilver dragon scales (worn)
Jewellery
 A - an amulet of regeneration (around neck)
 B - a +6 ring of intelligence
Wands
 u - a wand of flame (22)
 C - a wand of roots (7)
Scrolls
 d - 2 scrolls of teleportation {unknown}
 e - a scroll of immolation
 g - 4 scrolls of identify {unknown}
 i - a scroll of poison
 l - 4 scrolls of magic mapping {unknown}
 o - 2 scrolls of fog {unknown}
 q - a scroll of enchant weapon {unknown}
 s - a scroll of noise {unknown}
 t - 2 scrolls of enchant armour {unknown}
Potions
 k - a potion of might
 n - a potion of attraction {unknown}
 p - a potion of flight {unknown}
 r - a potion of degeneration {unknown}
 v - a potion of brilliance {unknown}
 D - a potion of cancellation {unknown}
 E - a potion of invisibility {unknown}


   Skills:
 + Level 5.3 Fighting
 * Level 7.7 Ranged Weapons
 - Level 1.5 Dodging
 - Level 1.1 Stealth


You had 6 spell levels left.
You didn't know any spells.
Your spell library contained the following spells:

 Spells                   Type           Power      Damage    Failure   Level
 Confusing Touch          Hex            0%         N/A       93%         3
 Yara's Violent Unravell  Hex/Tmut       0%         3d3       100%        5
 Enfeeble                 Hex            0%         N/A       100%        7


Dungeon Overview and Level Annotations

Branches:
Dungeon (5/15)
 Temple: D:4-7

Altars:
Ashenzari
Nemelex Xobeh
Okawaru
Qazlal
Wu Jian
Yredelemnul
The Shining One

Shops:
D:4 [

Annotations:
D:4 Eustachio


Innate Abilities, Weirdness & Mutations

You are immune to sickness and miasma.
Your stone body is resilient. (AC +4)
You are immune to poison.
You resist negative energy. (rN+)
You are resistant to electric shocks. (rElec)
You are resistant to unholy torment.
You are immune to petrification.


Message History

Eustachio casts a spell.
Eustachio blinks!
The iron imp hits you but does no damage.
The white imp hits you but does no damage.
The river rat barely misses you. The rat barely misses you.
You barely miss the quokka. The quokka barely misses you.
Eustachio is poisoned.
The white imp closely misses you. The rat barely misses you.
The iron imp hits you.
* * * LOW HITPOINT WARNING * * *
The river rat bites you but does no damage.
The quokka bites you but does no damage.
You feel mightier all of a sudden. Eustachio hits you with a +0 falchion.
* * * LOW HITPOINT WARNING * * *
The quokka bites you but does no damage.
The white imp gestures at you. The puff of frost misses you.
The rat closely misses you. The river rat bites you.
* * * LOW HITPOINT WARNING * * *
You barely miss Eustachio. Eustachio hits you but does no damage.
The iron imp closely misses you. The quokka misses you.
The white imp gestures at you.
The puff of frost hits you but does no damage.
The river rat bites you.
* * * LOW HITPOINT WARNING * * *
The rat bites you but does no damage.
You whack Eustachio! You freeze Eustachio.
Eustachio hits you but does no damage. The quokka barely misses you.
The iron imp misses you.
The white imp hits you but does no damage.
The river rat barely misses you. The rat bites you but does no damage.
You whack Eustachio! You freeze Eustachio.
The quokka bites you but does no damage.
Eustachio completely misses you. The iron imp hits you.
* * * LOW HITPOINT WARNING * * *
The white imp gestures at you. The puff of frost hits you.
* * * LOW HITPOINT WARNING * * *
The rat closely misses you. The river rat bites you.
You die...

## ########## .#
#§§5r○.§§#
.#############§@@r☼§§§#
.............#§5†r§○§§#
.##<.#######§§§§.○☼☼§§#
.###..### #####○###§§#
.# ##^..# #.☼☼☼.#.§#
####...## #.#○#.#..#
.)...### #.§☼§.#..#
###### #######.#§#.#..#
#.....#.....#..#


You could see Eustachio (poisoned), an iron imp (summoned), a river rat
(summoned), a white imp (summoned), a quokka (summoned) and a rat (summoned).

Vanquished Creatures
  A phantom (D:4)
  2 scorpions
  A necrophage (D:4)
  A howler monkey (D:5)
  3 hounds
  A jelly (D:5)
  A gnoll bouda (D:4)
  An orc wizard (D:4)
  7 gnolls
  4 adders
  4 dart slugs
  A worm (D:2)
  4 orcs
  3 bats
  6 endoplasms
  A giant cockroach (D:4)
  5 goblins
  8 hobgoblins
  3 jackals (D:3)
  2 quokkas
  7 ball pythons
  5 frilled lizards
  8 kobolds
  3 rats (D:1)
82 creatures vanquished.

Vanquished Creatures (others)
  A plant (D:1)
1 creature vanquished.

Grand Total: 83 creatures vanquished

Notes
Turn   | Place    | Note
-------+----------+-------------------------------------------
     0 | D:1      | ILmort the Gargoyle Hunter began the quest for the Orb.
     0 | D:1      | Reached XP level 1. HP: 12/12 MP: 1/1
   138 | D:1      | Found a faded altar of an unknown god.
   161 | D:1      | You fall into a shaft and drop 1 floor!
   201 | D:2      | Reached XP level 2. HP: 18/18 MP: 2/2
   387 | D:2      | Reached XP level 3. HP: 22/22 MP: 3/3
  1249 | D:2      | Reached skill level 5 in Ranged Weapons
  1249 | D:2      | Reached XP level 4. HP: 28/28 MP: 4/4
  1576 | D:3      | Found an ornate altar of the Wu Jian Council.
  1644 | D:3      | Found a basalt altar of Yredelemnul.
  1645 | D:3      | Found a broken altar of Ashenzari.
  1654 | D:3      | Found a glowing golden altar of the Shining One.
  1658 | D:3      | Found a sparkling altar of Nemelex Xobeh.
  2021 | D:4      | Noticed a necrophage
  2031 | D:4      | Killed a necrophage
  2032 | D:4      | Reached XP level 5. HP: 26/33 MP: 5/5
  2170 | D:4      | Noticed a phantom
  2178 | D:4      | Found Xyep's Armour Boutique.
  2198 | D:4      | Killed a phantom
  2199 | D:4      | Reached skill level 6 in Ranged Weapons
  2286 | D:4      | Reached XP level 6. HP: 37/38 MP: 6/6
  2553 | D:4      | Found an iron altar of Okawaru.
  2576 | D:5      | Entered Level 5 of the Dungeon
  2899 | D:5      | Reached skill level 7 in Ranged Weapons
  2899 | D:5      | Reached XP level 7. HP: 44/44 MP: 7/7
  2904 | D:5      | Reached skill level 5 in Fighting
  3007 | D:5      | Found a stormy altar of Qazlal.
  3112 | D:5      | Noticed Eustachio
  3363 | D:4      | Slain by a river rat

Illustrated notes

Levels and vault maps discovered:
D:1:      minmay_arrival_arboretum_small, layout_basic, serial_corexii_hall,
          chequers_hall_statues_corner_a, corexii_hall_statues_s,
          shapermc_ecumenical_altar_mp_urbaneastern,
          nicolae_concentric_dashed_squares_wild
D:2:      layout_basic
D:3:      cheibrodos_helix_gallery, layout_loops_ring,
          mainiacjoe_overflow_concentric_impassable, grunt_temple_overflow_open
D:4:      layout_rooms, kennysheep_little_box, serial_shops, shop
D:5:      layout_loops_corners, mainiacjoe_overflow_swirl, grunt_qazlal_clouds,
          minmay_temple_entry_hall, uniq_eustachio

Skill      XL: |  1  2  3  4  5  6  7 |
---------------+----------------------+-----
Fighting       | 3 4 5 |  5.3
Ranged Weapons | 5 6 7 |  7.7
Dodging        | |  1.5
Stealth        | |  1.1

Action                   |  1- 3 |  4- 6 |  7- 9 || total
-------------------------+-------+-------+-------++-------
Melee: Whip              |    18 |    36 |    78 ||   132
       Punch             |       |       |     1 ||     1
 Fire: Shortbow          |    80 |   155 |    13 ||   248
  Use: Potion            |       |       |     6 ||     6
       Scroll            |       |       |     3 ||     3
Armor: Leather armour    |    14 |     4 |       ||    18
       Quicksilver drago |       |    78 |   102 ||   180
Dodge: Dodged            |    22 |    65 |    89 ||   176
